 Dungeon Crawl Stone Soup version 0.23.2-1-ga50397a (webtiles) character file.

Game seed: 13112746645312834356

107 dhn the Covered (level 4, -1/40 HPs)
             Began as a Minotaur Fighter on May 5, 2019.
             Slain by Sigmund
             ... wielding a +7 scythe of flaming
              (11 damage)
             ... on level 3 of the Dungeon.
             The game lasted 00:03:28 (1742 turns).

dhn the Covered (Minotaur Fighter)                  Turns: 1742, Time: 00:03:28

Health: -1/40      AC:  8    Str: 20    XL:     4   Next: 57%
Magic:  3/3        EV:  8    Int:  5    God:
Gold:   95         SH:  9    Dex: 11    Spells: 3/3 levels left

rFire    . . .     SeeInvis .   a - +0 war axe
rCold    . . .     Gourm    .   c - +0 shield
rNeg     . . .     Faith    .   b - +0 scale mail
rPois    .         Spirit   .   (helmet restricted)
rElec    .         Reflect  .   (no cloak)
rCorr    .         Harm     .   m - +0 pair of gloves (curse)
MR       .....                  (no boots)
Stlth    ..........             (no amulet)
HPRegen  0.13/turn              (no ring)
MPRegen  0.08/turn              (no ring)

@: lethally poisoned (-1 -> -2)
A: retaliatory headbutt, horns 2
a: no special abilities


You were on level 3 of the Dungeon.
You were hungry.

You visited 1 branch of the dungeon, and saw 3 of its levels.

You collected 95 gold pieces.

Inventory:

Hand Weapons
 a - a +0 war axe (weapon)
Armour
 b - a +0 scale mail (worn)
 c - a +0 shield (worn)
 m - a cursed +0 pair of gloves (worn)
Jewellery
 e - an uncursed ring of protection from fire {unknown}
 i - an uncursed ring of positive energy {unknown}
 k - an uncursed amulet of the gourmand {unknown}
Wands
 s - a wand of random effects (18)
Scrolls
 g - 2 scrolls of remove curse {unknown}
 j - 2 scrolls of magic mapping {unknown}
 l - 3 scrolls of teleportation {unknown}
 p - a scroll of identify {unknown}
 q - a scroll of amnesia {unknown}
 r - a scroll of immolation {unknown}
Potions
 d - a potion of might
 h - 2 potions of curing {unknown}
 n - a potion of ambrosia {unknown}
 o - a potion of agility {unknown}
Comestibles
 f - 5 rations


   Skills:
 + Level 4.0 Fighting
 + Level 3.5 Axes
 + Level 4.6 Armour
 + Level 1.3 Dodging
 + Level 0.4 Stealth
 + Level 4.4 Shields


You had 3 spell levels left.
You didn't know any spells.
Your spell library was empty.

Dungeon Overview and Level Annotations

Branches:
Dungeon (3/15)

Altars:
Cheibriados
Elyvilon
Okawaru
Qazlal
Vehumet
Xom
Zin

Annotations:
D:3 Sigmund


Innate Abilities, Weirdness & Mutations

You reflexively headbutt those who attack you in melee.
You have a pair of horns on your head.


Message History

You are too injured to fight recklessly!
You are too injured to fight recklessly!
Unknown command.
You hit the kobold but do no damage. Your headbutt misses the kobold.
The bat hits you but does no damage. x2; You block the kobold's attack.
The bat barely misses you.
Sigmund hits you from afar with a +7 scythe of flaming.
Sigmund burns you.
* * * LOW HITPOINT WARNING * * *
You completely miss the kobold. You slash the bat!
You kill the bat!
The kobold barely misses you. The kobold hits you but does no damage.
Sigmund mumbles some strange words.
Sigmund flickers and vanishes!
Deactivating autopickup; reactivate with Ctrl-A.
You hit the kobold but do no damage.
You feel sick. The kobold hits you with a +0 whip.
* * * LOW HITPOINT WARNING * * *
Something hits you!
You die...

.# #.########
.#######.#.............
................>.....
.###.#.#...#####..... .#
#.#.#..^#####.... .#
#.#.#.......#g..
.###.#.#.#.###.#g{
.......#.#'###.#K#
####.###....##.#@######
............'..(.†.....#
####.####...#.##?#####.#
.........####.##.#
####.###. #.##.# .# #.#
#. #.##.. .# #.# #.
#.#### .. #.# #.. #.# .#
...


You could see a hobgoblin, a goblin and a kobold.

Vanquished Creatures
  Terence (D:2)
  3 adders
  A worm (D:2)
  A dart slug (D:2)
  2 giant cockroaches (D:1)
  4 goblins
  7 hobgoblins
  6 jackals
  2 ball pythons
  9 bats
  6 frilled lizards
  2 kobolds
  10 rats
54 creatures vanquished.

Vanquished Creatures (others)
  A quokka (D:2)
1 creature vanquished.

Grand Total: 55 creatures vanquished

Notes
Turn   | Place    | Note
-------+----------+-------------------------------------------
     0 | D:1      | dhn the Minotaur Fighter began the quest for the Orb.
     0 | D:1      | Reached XP level 1. HP: 19/19 MP: 0/0
   104 | D:1      | Reached XP level 2. HP: 22/27 MP: 1/1
   817 | D:2      | Reached XP level 3. HP: 30/33 MP: 2/2
   865 | D:2      | Noticed Terence
   876 | D:2      | Killed Terence
   886 | D:2      | Found a white marble altar of Elyvilon.
   890 | D:2      | Reached skill level 1 in Dodging
   956 | D:2      | Found an iron altar of Okawaru.
   987 | D:2      | Reached XP level 4. HP: 25/40 MP: 3/3
  1043 | D:2      | Found a shimmering altar of Xom.
  1143 | D:2      | Found a snail-covered altar of Cheibriados.
  1169 | D:2      | Found a radiant altar of Vehumet.
  1311 | D:2      | Found a glowing silver altar of Zin.
  1443 | D:2      | Found a stormy altar of Qazlal.
  1731 | D:3      | Noticed Sigmund
  1742 | D:3      | Slain by Sigmund

Skill      XL: |  1  2  3  4 |
---------------+-------------+-----
Shields        | 4 |  4.4
Armour         | 4 |  4.6
Axes           | 3 |  3.5
Dodging        | 1 |  1.3
Fighting       | 4 |  4.0
Stealth        | |  0.4

Action                   |  1- 3 |  4- 6 || total
-------------------------+-------+-------++-------
Melee: War axe           |    91 |    32 ||   123
       Headbutt          |    15 |     4 ||    19
  Eat: Chunk             |       |     2 ||     2
Armor: Scale mail        |    49 |    29 ||    78
Dodge: Dodged            |    30 |    12 ||    42
Block: Shield            |    54 |    21 ||    75
